 Dungeon Crawl Stone Soup version 0.17.0-18-gaab0e96 (webtiles) character file.

613416 4thArraOfDagon the Wrestler (level 25, 0/271 HPs)
             Began as a Minotaur Monk on Nov 11, 2015.
             Was a High Priest of Cheibriados.
             Killed by a mummy priest's death curse (31 damage)
             ... on level 15 of a ziggurat.
             The game lasted 02:49:30 (17622 turns).

4thArraOfDagon the Wrestler (Minotaur Monk)        Turns: 17622, Time: 02:49:30

Health: 0/271      AC: 24    Str: 39    XL:     25   Next: 71%
Magic:  6/43       EV: 35    Int: 31    God:    Cheibriados [*****.]
Gold:   109        SH: 23    Dex: 29    Spells: 8 memorised, 18 levels left

rFire  . . .     SeeInvis +       - Unarmed
rCold  + + .     Clarity  .     (armour currently unavailable)
rNeg   + + +     SustAt   .     Y - +3 shield {reflect}
rPois  ∞         Gourm    .     l - +1 hat of Unambiguity {MR+ MP+9}
rElec  +         Spirit   .     X - +0 cloak of the Accordion {rC+ Int+2}
rCorr  .         Warding  +     (gloves currently unavailable)
rMut   .         Rnd*Tele +     (boots currently unavailable)
MR     +....                    n - amulet of Tymuoh {Ward rPois rC+ rN+ Dex+4 Stlth+}
Stlth  ++++......               T - ring of Vopo {rN+ Slay+6}
                                f - ring "Utecocar" {rPois MR- Str+3 Slay+5 SInv}

@: statue-form, very slow, somewhat resistant to hostile enchantments, stealthy
A: retaliatory headbutt, horns 2, large bone plates 1, frail 1, screaming 1,
teleportitis 1, subdued magic 1
a: End Transformation, Bend Time, Temporal Distortion, Slouch, Step From Time,
Renounce Religion
}: 5/15 runes: barnacled, slimy, silver, golden, gossamer


You were on level 15 of a ziggurat.
You worshipped Cheibriados.
Cheibriados was extremely pleased with you.
You were not hungry.
You were a stone statue.
You visited 12 branches of the dungeon, and saw 59 of its levels.
You visited Pandemonium 1 time, and saw 2 of its levels.
You visited 1 ziggurat, and saw 15 of its levels.
You also visited: Trove, Ossuary and Ice Cave.

You collected 4026 gold pieces.
You spent 3885 gold pieces at shops.

Inventory:

Missiles
 k - 2 throwing nets (quivered)
Armour
 l - the +1 hat of Unambiguity (worn) {MR+ MP+9}
   (You bought it in a shop on level 9 of the Dungeon)

   It affects your resistance to hostile enchantments.
   It affects your magic capacity (+9).
 p - the +0 pair of gloves of Noughts and Crosses (melded) {+Blink Str+4}
   (You found it on level 9 of the Dungeon)

   It affects your strength (+4).
   It lets you blink.
 B - a +2 pair of boots of flying (melded)
 Q - a +0 robe (melded)
 X - the +0 cloak of the Accordion (worn) {rC+ Int+2}
   (You found it on level 6 of a ziggurat)

   It affects your intelligence (+2).
   It protects you from cold.
 Y - a +3 shield of reflection (worn)
Magical Staves
 v - an uncursed staff of wizardry
Jewellery
 a - an uncursed amulet of regeneration
 f - the ring "Utecocar" (left hand) {rPois MR- Str+3 Slay+5 SInv}
   (You found it on level 6 of the Pits of Slime)

   [ring of see invisible]

   It affects your strength (+3).
   It affects your accuracy and damage with ranged weapons and melee attacks
   (+5).
   It protects you from poison.
   It affects your resistance to hostile enchantments.
   It lets you see invisible.
 i - an uncursed ring of see invisible
 j - the ring of the Mage {Wiz MR++ Int+3}
   (You took it off a yaktaur captain on level 5 of the Vaults)

   [ring of wizardry]

   It improves your spell success rate.
   It affects your intelligence (+3).
   It affects your resistance to hostile enchantments.
 n - the amulet of Tymuoh (around neck) {Ward rPois rC+ rN+ Dex+4 Stlth+}
   (You bought it in a shop on level 4 of the Orcish Mines)

   [amulet of warding]

   It may prevent the melee attacks of summoned creatures.
   It affects your dexterity (+4).
   It protects you from cold.
   It protects you from poison.
   It protects you from negative energy.
   It makes you more stealthy.
 o - the ring "Neuxamm" {AC+4 Str-5 Int+6}
   (You found it on level 13 of a ziggurat)

   [ring of protection]

   It affects your AC (+4).
   It affects your strength (-5).
   It affects your intelligence (+6).
 t - an uncursed amulet of resist corrosion
 D - an uncursed ring of teleportation
 E - an uncursed amulet of clarity
 F - an uncursed ring of fire
 N - the ring of Zumaonle {+Inv rC+ MR+ Int+3}
   (You found it on level 9 of a ziggurat)

   [ring of protection from magic]

   It affects your intelligence (+3).
   It protects you from cold.
   It affects your resistance to hostile enchantments.
   It lets you turn invisible.
 P - the amulet of Rairph {Stasis Int+2}
   (You found it on level 11 of a ziggurat)

   [amulet of stasis]

   It prevents you from being teleported, slowed, hasted or paralysed.
   It affects your intelligence (+2).
 T - the ring of Vopo (right hand) {rN+ Slay+6}
   (You found it on level 6 of the Pits of Slime)

   [ring of positive energy]

   It affects your accuracy and damage with ranged weapons and melee attacks
   (+6).
   It protects you from negative energy.
 W - an uncursed amulet of resist mutation
Wands
 g - a wand of teleportation (4)
 x - a wand of digging (12)
 y - a wand of digging (16)
 H - a wand of disintegration (8)
 J - a wand of slowing (30)
Scrolls
 c - 15 scrolls of teleportation
 e - 2 scrolls of identify
 r - 2 scrolls of blinking
 G - 3 scrolls of fog
 K - 10 scrolls of recharging
 L - 5 scrolls of remove curse
 O - a scroll of holy word
Potions
 d - 9 potions of brilliance
 q - 3 potions of cancellation
 u - 7 potions of ambrosia
 w - 7 potions of might
 z - 6 potions of heal wounds
 C - 3 potions of flight
 R - 4 potions of resistance
 S - 7 potions of curing
 U - 7 potions of lignification
 V - a potion of magic
Miscellaneous
 m - a phial of floods
 s - a legendary deck of summoning {the Illusion}
 A - a box of beasts {used: 1}
 I - a lamp of fire
 M - a fan of gales
 Z - a phantom mirror
Comestibles
 b - 11 bread rations
 h - 20 meat rations


   Skills:
 - Level 20.6 Fighting
 - Level 19.0 Dodging
 - Level 3.9 Stealth
 - Level 16.2 Shields
 - Level 22.3 Unarmed Combat
 - Level 8.0 Spellcasting
 * Level 3.1 Charms
 * Level 3.3 Necromancy
 - Level 5.2 Translocations
 - Level 10.4 Transmutations
 - Level 10.2 Earth Magic
 - Level 12.7 Invocations
 - Level 13.4 Evocations


You had 18 spell levels left.
You knew the following spells:

 Your Spells              Type           Power        Failure   Level  Hunger
a - Phase Shift           Tloc           ####......   7%          5    ####...
b - Cure Poison           Pois           #.........   3%          2    None
c - Animate Skeleton      Necr           N/A          1%          1    None
d - Stoneskin             Trmt/Erth      ######..     0%          2    None
e - Statue Form           Trmt/Erth      ######...    5%          6    #####..
f - Repel Missiles        Chrm/Air       ##....       1%          2    None
g - Apportation           Tloc           ####......   1%          1    None
h - Regeneration          Chrm/Necr      ###.......   1%          3    None


Dungeon Overview and Level Annotations

Branches:
Dungeon (15/15)            Temple (1/1) D:4            Lair (8/8) D:9
 Shoals (4/4) Lair:5       Spider (4/4) Lair:4        Slime (6/6) Lair:6
    Orc (4/4) D:9             Elf (3/3) Orc:4        Vaults (5/5) D:14
  Crypt (3/3) Vaults:2       Tomb (3/3) Crypt:3      Depths (3/5) D:15

Altars:
Ashenzari
Cheibriados
Elyvilon
Fedhas
Gozag
Kikubaaqudgha
Makhleb
Nemelex Xobeh
Okawaru
Qazlal
Ru
Trog
Vehumet
Yredelemnul
Beogh
Jiyva
Lugonu

Shops:
D:7 (   D:8 }*(   D:9 [   D:10 !   Orc:2 }:}   Orc:4 *(=?   Elf:1 ?
Shoals:4 ?::   Vaults:5 [

Portals:
Hell: Depths:3
Pandemonium: Depths:3

Annotations:
Vaults:4 POSSIBLE CRYPT
Zig:15 exclusion: ice statue


Innate Abilities, Weirdness & Mutations

You reflexively headbutt those who attack you in melee.
You have a pair of horns on your head.
(You are partially covered in large bone plates (AC +2, SH +2).)
You are frail (-10% HP).
You occasionally shout uncontrollably at your foes.
You are occasionally teleported to nearby monsters.
Your spells are a little easier to cast, but a little less powerful.


Message History

Something smites you!
* * * LOW HITPOINT WARNING * * *
Unknown command.
Unknown command.
Unknown command.
Drink which item? (? for menu, Esc to quit)
You feel much better.
The greater mummy hits you but does no damage.
The mummy priest calls on the powers of darkness!
Your body is wracked with pain!
* * * LOW HITPOINT WARNING * * *
The mummy priest mumbles some strange prayers to its god.
You block the mummy priest's attack.
Unknown command.
You pound the mummy priest into fine dust!!!
You destroy the mummy priest!
Cheibriados thoroughly appreciates the change of pace.
You feel extremely nervous for a moment...
You convulse helplessly as pain tears through your body!
You die...

▓▓▓▓▓▓▓
▓▓.......
▓▓........
▓▓§........
▓▓..........
▓▓3..........
▓▓)Z..........
▓8MZ4Z......8.
▓▓MM)..†......
▓▓3.W........
▓▓M.........
▓▓.........
▓▓Z.......
▓▓.......
▓▓▓▓▓▓▓


You could see a greater mummy, 3 mummy priests, a soul eater, an ice devil, a
flayed ghost, an orange demon, an elf zombie, a fire giant zombie, a quicksilver
dragon skeleton and an elf skeleton.

Vanquished Creatures
  the royal jelly (Slime:6)
  8 ancient liches
  Khufu (Tomb:3)
  A juggernaut (Depths:2)
  14 greater mummies
  Norris (Spider:4)
  A caustic shrike (Zig:12)
  A golden dragon (Vaults:5)
  A profane servitor (Crypt:3)
  2 bone dragons
  2 liches (Tomb:1)
  2 tentacled monstrosities (Vaults:5)
  2 titans (Vaults:5)
  A quicksilver dragon (Vaults:5)
  A deep elf master archer (Elf:3)
  2 deep elf blademasters (Elf:3)
  21 acid blobs
  2 tentacled starspawn
  3 octopode crushers
  3 ancient champions
  6 tengu reavers
  A shadow dragon (Vaults:4)
  8 storm dragons
  Wiglaf (Spider:2)
  A daeva (Zig:3)
  A revenant (Zig:10)
  Donald (Elf:3)
  6 fire giants
  5 frost giants
  14 azure jellies
  5 deep elf sorcerers
  2 iron dragons (Vaults:5)
  10 ghost moths
  4 balrugs (Zig:13)
  5 emperor scorpions
  Louise (D:15)
  2 curse skulls (Zig:10)
  4 vault wardens
  An angel (Zig:8)
  A caustic shrike zombie (Zig:13)
  2 war gargoyles (Vaults:5)
  A spriggan defender (Depths:3)
  A ghoul (Crypt:2)
  6 very ugly things
  14 ironheart preservers
  A reaper (Zig:4)
  A caustic shrike skeleton (Zig:13)
  A juggernaut skeleton (Zig:13)
  A vampire knight (Crypt:1)
  2 bennus (Tomb:2)
  13 stone giants
  6 deep elf demonologists
  An apis (Zig:3)
  5 deep elf annihilators
  The ghost of st0uf the Fighter, a journeyman DsGl of Ru (Orc:4)
  5 salamander stormcallers
  3 dire elephants
  9 ettins
  A fire dragon (Depths:1)
  3 deep elf high priests
  29 vault guards
  8 merfolk impalers
  7 eidola
  16 mummy priests
  A quicksilver dragon zombie (Zig:13)
  7 deep elf death magi
  3 death oozes (Slime:6)
  Josephine (Lair:5)
  2 blizzard demons (IceCv)
  5 entropy weavers
  5 yaktaur captains
  6 great orbs of eyes
  8 hydras
  A hell beast (Depths:3)
  2 spriggan air magi (Depths:3)
  4 death knights
  2 merfolk aquamancers
  An alligator snapping turtle (Shoals:4)
  7 centaur warriors
  A satyr (Shoals:4)
  3 merfolk avatars
  11 ogre magi
  3 catoblepae (Zig:12)
  A dancing weapon (Vaults:5)
  4 deep troll earth magi
  6 orc high priests
  4 deep troll shamans
  5 death yaks
  A sun demon (Pan)
  A titan zombie (Crypt:3)
  Urug (Orc:2)
  A shock serpent (Zig:2)
  2 small abominations
  5 deep elf knights
  A storm dragon zombie (Zig:5)
  A wretched star (Zig:8)
  A fire crab (Vaults:2)
  2 hell knights
  20 skeletal warriors
  5 shadow wraiths
  2 spatial maelstroms (Zig:8)
  A cherub (Zig:3)
  3 flayed ghosts
  17 deep trolls
  A golden dragon zombie (Zig:13)
  4 ice devils (IceCv)
  10 sea snakes
  4 unseen horrors
  A swamp dragon (shapeshifter) (Vaults:4)
  7 deep elf summoners
  25 anubis guards
  36 death scarabs
  An infernal demonspawn (Depths:3)
  A golden dragon skeleton (Zig:13)
  8 phantasmal warriors
  11 ironbrand convokers
  14 orc knights
  An anaconda skeleton (Tomb:3)
  19 harpies
  A shadow dragon zombie (Crypt:3)
  2 necromancers
  5 hill giants
  4 deep elf conjurers
  9 oklob plants (Zig:6)
  7 fauns
  2 iron dragon zombies
  36 ugly things
  22 wolf spiders
  A shadow dragon skeleton (Crypt:2)
  A moth of wrath (Spider:3)
  3 stone giant zombies (Crypt:3)
  4 griffons
  5 cyclopes
  A water nymph (shapeshifter) (Vaults:5)
  10 hornets
  A hornet (shapeshifter) (Vaults:5)
  5 orc sorcerers
  A fire giant zombie (Zig:5)
  8 water nymphs
  5 large abominations
  10 orb spiders
  6 shining eyes
  3 manticores
  A frost giant zombie (Crypt:3)
  A black mamba (Zig:12)
  An octopode (shapeshifter) (Vaults:1)
  A frost giant skeleton (Tomb:3)
  A shock serpent zombie (Crypt:3)
  2 eyes of devastation
  4 elephants (Lair:6)
  2 rust devils (Depths:3)
  8 vault sentinels
  17 spiny frogs
  4 sirens
  3 torpor snails
  An ice statue (IceCv)
  A naga mage (D:15)
  A torpor snail (shapeshifter) (Vaults:5)
  A gargoyle (D:10)
  7 yaktaurs
  3 kobold demonologists (D:13)
  10 demonic crawlers
  A smoke demon (Depths:3)
  A yaktaur zombie (Vaults:4)
  A tormentor (Zig:5)
  A hellion (Zig:13)
  2 emperor scorpion zombies (Crypt:3)
  9 freezing wraiths
  5 komodo dragons
  A yaktaur (shapeshifter) (Vaults:1)
  2 red devils
  A golden dragon simulacrum (IceCv)
  A yaktaur skeleton (Vaults:4)
  34 merfolk
  4 deep elf priests
  5 trolls
  36 guardian mummies
  A jumping spider (shapeshifter) (Vaults:5)
  16 two-headed ogres
  2 wind drakes
  13 jumping spiders
  A fire drake (Lair:8)
  A polar bear (D:10)
  18 blink frogs
  3 giant leeches (Lair:8)
  A sphinx simulacrum (Zig:15)
  A fire dragon zombie (Tomb:1)
  2 ice dragon zombies
  6 ushabtiu
  A troll (shapeshifter) (Elf:2)
  A boulder beetle (Vaults:5)
  2 shadows
  53 slime creatures
  8 snapping turtles
  17 tarantellas
  8 water elementals
  13 trapdoor spiders
  28 redbacks
  A wyvern (D:15)
  A dire elephant simulacrum (IceCv)
  A spriggan (Spider:4)
  3 vampires
  A death yak simulacrum (IceCv)
  The ghost of 4thArraOfDagon the Ruffian, an amateur MiMo (D:6)
  A ynoxinul (Zig:8)
  11 flying skulls
  33 yaks
  6 hippogriffs
  11 deep elf fighters
  5 wraiths
  6 deep elf magi
  A spriggan (shapeshifter) (Vaults:5)
  3 basilisks
  A neqoxec (Zig:8)
  25 vampire mosquitoes
  A tengu zombie (Zig:5)
  2 elf skeletons (Zig:13)
  4 wolves
  2 iron troll simulacra (IceCv)
  A soldier ant (shapeshifter) (Vaults:4)
  Edmund (D:6)
  4 wargs
  16 water moccasins
  Duvessa (D:7)
  7 harpy simulacra (IceCv)
  2 hell hounds
  11 ice beasts
  34 orc warriors
  4 hydra simulacra (IceCv)
  50 ogres
  7 boggarts
  2 manticore zombies
  12 spiders
  An alligator simulacrum (IceCv)
  10 eyes of draining
  4 sky beasts
  2 black bears
  6 porcupines
  4 starcursed masses (Zig:8)
  2 eyes of draining (shapeshifter)
  4 wasps
  13 centaurs
  3 necrophages
  A snapping turtle skeleton (Crypt:2)
  14 crocodiles
  11 big kobolds
  24 giant frogs
  2 human zombies
  Blork the orc (D:6)
  2 dryad skeletons
  A wyvern zombie (D:7)
  Dowan (D:7)
  2 water moccasin zombies (Ossuary)
  A komodo dragon skeleton (Crypt:1)
  A cyclops skeleton (Crypt:2)
  2 gnoll sergeants (D:7)
  8 killer bees
  3 wyvern skeletons
  A scorpion (D:10)
  11 wights
  2 electric eels (Lair:8)
  2 swamp dragon simulacra (IceCv)
  A spriggan skeleton (Tomb:3)
  5 crimson imps
  3 centaur zombies
  29 jellies
  16 orc wizards
  A draconian simulacrum (IceCv)
  2 giant frog zombies
  6 hounds
  2 giant frog skeletons (D:10)
  16 orc priests
  3 centaur skeletons
  A gnoll shaman (D:7)
  2 iguanas
  Terence (D:2)
  2 human skeletons (Crypt:2)
  4 centaur simulacra (IceCv)
  An elf simulacrum (Vaults:3)
  17 worker ants
  5 troll simulacra (IceCv)
  4 big kobold zombies (Ossuary)
  A giant frog simulacrum (D:10)
  33 sheep
  A hound skeleton (D:8)
  32 mummies
  A worker ant zombie (D:9)
  9 adders
  5 gnolls (D:7)
  An ogre simulacrum (IceCv)
  67 river rats
  3 naga simulacra (IceCv)
  6 shadow imps
  A swamp drake skeleton (Crypt:2)
  11 white imps
  A worker ant simulacrum (D:10)
  9 ufetubi
  An ooze (D:3)
  2 adder skeletons
  2 adder zombies (Ossuary)
  2 worms (D:2)
  6 giant geckos
  144 orcs
  3 giant cockroaches
  5 gnoll zombies (Ossuary)
  3 goblins (D:1)
  3 hobgoblins
  15 jackals
  A ball python (D:3)
  2 bats
  A giant gecko zombie (Crypt:1)
  2 giant newts
  7 hobgoblin zombies (Ossuary)
  24 kobolds
  5 kobold zombies (Ossuary)
  2 orc zombies (Ossuary)
  2 quokkas
  A rat (D:2)
  A river rat skeleton (Crypt:2)
  2 crawling corpses
  A fungus (Lair:7)
  A plant (D:9)
  A starspawn tentacle (Zig:1)
2059 creatures vanquished.

Vanquished Creatures (collateral kills)
  An entropy weaver (Zig:14)
  An orb spider (Zig:14)
2 creatures vanquished.

Vanquished Creatures (others)
  A deep elf master archer (Elf:3)
  An eldritch tentacle (Pan)
  A reaper (Zig:13)
  A merfolk javelineer (Shoals:4)
  3 yaktaur captains
  2 satyrs
  A centaur warrior (Depths:1)
  A storm dragon zombie (Zig:13)
  A death scarab (Tomb:3)
  A hornet (Zig:14)
  A cyclops (Vaults:2)
  A demonic crawler (Zig:14)
  4 yaktaurs (Vaults:5)
  An ushabti (Tomb:2)
  7 flying skulls
  A trapdoor spider (Tomb:2)
  A deep elf mage (Elf:3)
  A spiny frog skeleton (Tomb:3)
  A tengu (shapeshifter) (Vaults:4)
  A centaur (Vaults:4)
  A jelly (Slime:3)
  4 mummies
  An ufetubus (IceCv)
  3 orcs (Zig:6)
  91 eldritch tentacle segments (Pan)
  7 fungi
  A lost soul (Crypt:2)
  8 plants
  4 starspawn tentacles
  48 starspawn tentacle segments
200 creatures vanquished.

Grand Total: 2261 creatures vanquished

Notes
Turn   | Place    | Note
--------------------------------------------------------------
     0 | D:1      | 4thArraOfDagon the Minotaur Monk began the quest for the Orb.
     0 | D:1      | Reached XP level 1. HP: 19/19 MP: 0/0
    95 | D:2      | Noticed Terence
   150 | D:1      | Reached XP level 2. HP: 27/27 MP: 1/1
   345 | D:3      | Found an opulent altar of Gozag.
   350 | D:3      | Found a sacrificial altar of Ru.
   350 | D:3      | Found a bloodstained altar of Trog.
   350 | D:3      | Found a stormy altar of Qazlal.
   354 | D:3      | :(
   385 | D:4      | Noticed an ogre
   390 | D:4      | Found Nuixtuff's Distillery.
   394 | D:4      | Reached skill level 5 in Unarmed Combat
   394 | D:4      | Reached XP level 3. HP: 30/33 MP: 2/2
   409 | D:4      | Reached XP level 4. HP: 34/41 MP: 3/3
   419 | D:4      | Noticed an ogre
   420 | D:4      | Killed an ogre
   420 | D:4      | Reached XP level 5. HP: 36/47 MP: 4/4
   454 | D:4      | Reached skill level 5 in Fighting
   454 | D:4      | Reached skill level 6 in Unarmed Combat
   455 | D:4      | RIP
   467 | D:4      | Got a brightly glowing flail {flame}
   499 | D:4      | Found a staircase to the Ecumenical Temple.
   508 | D:4      | Reached XP level 6. HP: 3/56 MP: 5/5
   514 | Temple   | Entered the Ecumenical Temple
   530 | Temple   | Became a worshipper of Cheibriados the Contemplative
   530 | Temple   | Reached * piety under Cheibriados
   530 | Temple   | Reached ** piety under Cheibriados
   676 | D:4      | Noticed an ogre
   685 | D:4      | Killed an ogre
   685 | D:4      | Reached skill level 1 in Invocations
   703 | D:4      | Killed an ogre
   703 | D:4      | Reached skill level 5 in Dodging
   894 | D:2      | Killed Terence
   894 | D:2      | Reached XP level 7. HP: 26/61 MP: 7/7
  1005 | D:3      | Reached *** piety under Cheibriados
  1010 | D:3      | Reached skill level 7 in Unarmed Combat
  1080 | D:4      | Gained mutation: You can spit weak poison. [potion of mutation]
  1080 | D:4      | Gained mutation: You occasionally shout uncontrollably at your foes. [potion of mutation]
  1087 | D:5      | Entered Level 5 of the Dungeon
  1217 | D:7      | Found a blossoming altar of Fedhas.
  1251 | D:7      | Found a bloodstained altar of Trog.
  1329 | D:7      | Reached **** piety under Cheibriados
  1329 | D:7      | Reached XP level 8. HP: 63/70 MP: 9/9
  1341 | D:7      | Reached skill level 8 in Unarmed Combat
  1437 | D:7      | Found a sand-covered staircase.
  1441 | Ossuary  | Entered an ossuary
  1480 | Ossuary  | Reached ***** piety under Cheibriados
  1664 | D:7      | Noticed Duvessa
  1673 | D:7      | Killed Duvessa
  1673 | D:7      | Reached skill level 9 in Unarmed Combat
  1677 | D:7      | Noticed Dowan
  1687 | D:7      | Killed Dowan
  1701 | D:7      | let it be good
  1704 | D:7      | Got a scorched ring mail
  1745 | D:7      | Noticed a deep elf fighter
  1745 | D:7      | Noticed a deep elf fighter
  1750 | D:7      | Killed a deep elf fighter
  1750 | D:7      | Reached XP level 9. HP: 69/79 MP: 11/11
  1760 | D:7      | Killed a deep elf fighter
  1784 | D:7      | Found Meugiac's Weapon Shoppe.
  1864 | D:6      | Noticed 4thArraOfDagon's ghost (amateur MiMo)
  1871 | D:6      | Killed 4thArraOfDagon's ghost
  1871 | D:6      | Reached skill level 5 in Invocations
  1882 | D:6      | Noticed Blork the orc
  1883 | D:6      | Noticed Edmund
  1889 | D:6      | Killed Blork the orc
  1895 | D:6      | Killed Edmund
  1895 | D:6      | Reached skill level 10 in Unarmed Combat
  1910 | D:6      | Found a basalt altar of Yredelemnul.
  2049 | D:8      | Identified the +5 ring mail of Gexkees {Str+2 Stlth+} (You found it on level 7 of the Dungeon)
  2096 | D:8      | Found Wouzuo's Assorted Antiques.
  2101 | D:8      | Bought a fuming blue potion for 21 gold pieces
  2101 | D:8      | Bought a scroll labeled FOVVOL ADOXAXO for 24 gold pieces
  2101 | D:8      | Bought a scroll labeled WAAFREXIDO for 24 gold pieces
  2123 | D:8      | Reached skill level 1 in Shields
  2243 | D:8      | Found Aniczis's Weapon Shoppe.
  2263 | D:9      | Reached ****** piety under Cheibriados
  2306 | D:9      | Noticed a cyclops
  2307 | D:9      | Noticed a centaur warrior
  2309 | D:9      | Killed a centaur warrior
  2309 | D:9      | Reached XP level 10. HP: 42/90 MP: 7/13
  2313 | D:9      | Found a staircase to the Lair.
  2314 | D:9      | Noticed a komodo dragon
  2468 | D:9      | Killed a cyclops
  2468 | D:9      | Reached skill level 11 in Unarmed Combat
  2548 | D:10     | Entered Level 10 of the Dungeon
  2601 | D:10     | Reached skill level 5 in Shields
  2662 | D:10     | Noticed a hill giant
  2669 | D:10     | Killed a hill giant
  2728 | D:10     | Found Zuonetama's Distillery.
  2747 | D:10     | Bought a potion of heal wounds for 55 gold pieces
  2747 | D:10     | Bought a potion of lignification for 33 gold pieces
  2747 | D:10     | Bought a potion of might for 44 gold pieces
  2747 | D:10     | Bought a potion of agility for 44 gold pieces
  2747 | D:10     | Bought a potion of heal wounds for 55 gold pieces
  2747 | D:10     | Bought a potion of brilliance for 44 gold pieces
  2747 | D:10     | Bought a potion of brilliance for 44 gold pieces
  2819 | D:9      | Found Oxeeneum's Antique Armour Emporium.
  2885 | D:10     | Noticed a hill giant
  2895 | D:10     | Killed a hill giant
  2981 | D:10     | Noticed an unseen horror
  2986 | D:10     | Killed an unseen horror
  2986 | D:10     | Reached XP level 11. HP: 97/97 MP: 14/14
  3080 | D:12     | Found a blossoming altar of Fedhas.
  3121 | D:12     | Found a portal to a secret trove of treasure.
  3137 | D:12     | Reached skill level 12 in Unarmed Combat
  3294 | D:13     | Noticed a centaur warrior
  3305 | D:13     | Killed a centaur warrior
  3339 | D:13     | Noticed an ice devil
  3363 | D:13     | Identified the Catalogue of Venomous Changing (You found it on level 13 of the Dungeon)
  3373 | D:13     | Reached skill level 10 in Fighting
  3476 | D:14     | Identified the cursed +2 flail of the Known World {flame, rF+ Stlth+} (You took it off an orc on level 4 of the Dungeon)
  3490 | D:14     | Noticed a two-headed hydra
  3495 | D:14     | Killed a one-headed hydra
  3520 | D:13     | Noticed a centaur warrior
  3525 | D:13     | Killed a centaur warrior
  3525 | D:13     | Reached skill level 13 in Unarmed Combat
  3537 | D:13     | Noticed a hill giant
  3545 | D:13     | Killed a hill giant
  3634 | D:13     | Noticed an unseen horror
  3639 | D:13     | Killed an unseen horror
  3692 | D:14     | Noticed a centaur warrior
  3702 | D:14     | Killed a centaur warrior
  3702 | D:14     | Reached XP level 12. HP: 87/108 MP: 17/17
  3705 | D:14     | Reached skill level 10 in Dodging
  3728 | D:15     | Entered Level 15 of the Dungeon
  3761 | D:14     | Gained mutation: Your flesh is cold resistant. [mutagenic meat]
  3762 | D:14     | Gained mutation: You have large cloven feet. [mutagenic meat]
  3763 | D:14     | Gained mutation: Your spells are a little easier to cast, but a little less powerful. [mutagenic meat]
  3764 | D:14     | Gained mutation: You are partially covered in large bone plates (AC +2, SH +2). [mutagenic meat]
  3765 | D:14     | Lost mutation: Your flesh is cold resistant. [mutagenic meat]
  3766 | D:14     | Gained mutation: Your magical capacity is low (-10% MP). [mutagenic meat]
  3768 | D:14     | Gained mutation: Your natural rate of healing is unusually fast. [mutagenic meat]
  3769 | D:14     | Gained mutation: You are weak. (Str -2) [mutagenic meat]
  3895 | D:14     | Noticed a centaur warrior
  3900 | D:14     | Killed a centaur warrior
  3905 | D:14     | Noticed a vault guard
  3905 | D:14     | Noticed a vault guard
  3973 | D:15     | Reached skill level 14 in Unarmed Combat
  4025 | D:14     | Noticed a vault guard
  4038 | D:14     | Killed a vault guard
  4050 | D:14     | Noticed a vault guard
  4064 | D:14     | Killed a vault guard
  4111 | D:14     | Noticed a vault guard
  4139 | D:14     | Killed a vault guard
  4471 | D:9      | Got a pair of faintly humming gloves
  4482 | D:9      | Identified the cursed +0 pair of gloves of Noughts and Crosses {+Blink Str+4} (You found it on level 9 of the Dungeon)
  4490 | D:8      | Found Ockaill's Gadget Boutique.
  4968 | D:9      | Bought a brightly glowing hat for 261 gold pieces
  4973 | D:9      | Identified the +1 hat of Unambiguity {MR+ MP+9} (You bought it in a shop on level 9 of the Dungeon)
  4979 | D:9      | Learned a level 5 spell: Phase Shift
  5061 | D:9      | Found a staircase to the Orcish Mines.
  5078 | Orc:1    | Entered Level 1 of the Orcish Mines
  5114 | Orc:2    | Found Vuavom's Gadget Shoppe.
  5144 | Orc:2    | Found a roughly hewn altar of Beogh.
  5156 | Orc:2    | Found Fiabb's Book Boutique.
  5183 | Orc:2    | :(
  5183 | Orc:2    | RIP
  5268 | Orc:3    | Reached XP level 13. HP: 103/117 MP: 17/17
  5343 | Orc:2    | Noticed Urug
  5351 | Orc:2    | Killed Urug
  5449 | Orc:2    | Found Vuloazuq's Gadget Shoppe.
  5490 | Orc:4    | Entered Level 4 of the Orcish Mines
  5490 | Orc:4    | Found a staircase to the Elven Halls.
  5546 | Orc:4    | Found a roughly hewn altar of Beogh.
  5644 | Orc:4    | Reached skill level 15 in Unarmed Combat
  5680 | Orc:4    | Reached skill level 1 in Translocations
  5688 | Orc:4    | Paralysed by an orc sorcerer for 4 turns
  5699 | Orc:4    | Reached skill level 1 in Spellcasting
  5778 | Orc:4    | Found Waigoir's Antique Weapon Shoppe.
  5778 | Orc:4    | Found Jucsu's Assorted Antiques.
  5782 | Orc:4    | Found Fedosmocw's Magic Scroll Shoppe.
  5782 | Orc:4    | Found Plog's Jewellery Shop.
  5840 | Orc:4    | Bought the amulet of Tymuoh {Ward rPois rC+ rN+ Dex+4 Stlth+} for 754 gold pieces
  5890 | Orc:4    | Noticed st0uf's ghost (journeyman DsGl)
  5911 | Orc:4    | Killed st0uf's ghost
  5915 | Elf:1    | Entered Level 1 of the Elven Halls
  5994 | Elf:1    | Found Bivoger's Magic Scroll Shop.
  6061 | Elf:2    | Noticed a deep elf demonologist
  6117 | Elf:2    | Noticed an Executioner
  6169 | Elf:2    | Killed a deep elf demonologist
  6331 | Elf:3    | Entered Level 3 of the Elven Halls
  6365 | Elf:3    | Noticed Donald
  6374 | Elf:3    | Killed Donald
  6374 | Elf:3    | Reached skill level 10 in Invocations
  6547 | Elf:3    | Noticed a deep elf demonologist
  6561 | Elf:3    | Killed a deep elf demonologist
  6561 | Elf:3    | Reached XP level 14. HP: 127/127 MP: 18/18
  6562 | Elf:3    | Noticed a deep elf sorcerer
  6566 | Elf:3    | Killed a deep elf sorcerer
  6581 | Elf:3    | Noticed a deep elf sorcerer
  6587 | Elf:3    | Killed a deep elf sorcerer
  6613 | Elf:3    | Noticed a deep elf blademaster
  6627 | Elf:3    | Killed a deep elf blademaster
  6629 | Elf:3    | Noticed a deep elf annihilator
  6631 | Elf:3    | HP: 6/127 [deep elf annihilator/iron shot (56)]
  6643 | Elf:3    | Killed a deep elf annihilator
  6707 | Elf:3    | Reached skill level 10 in Shields
  6713 | Elf:3    | Noticed a deep elf demonologist
  6728 | Elf:3    | Killed a deep elf demonologist
  6749 | Elf:3    | Noticed a deep elf master archer
  6759 | Elf:3    | Killed a deep elf master archer
  6759 | Elf:3    | Reached skill level 16 in Unarmed Combat
  6789 | Elf:3    | Noticed a deep elf sorcerer
  6796 | Elf:3    | Killed a deep elf sorcerer
  6802 | Elf:3    | Noticed a deep elf master archer
  6812 | Elf:3    | Killed a deep elf master archer
  6836 | Elf:3    | Noticed a deep elf annihilator
  6845 | Elf:3    | Killed a deep elf annihilator
  6861 | Elf:3    | Noticed a deep elf annihilator
  6874 | Elf:3    | Killed a deep elf annihilator
  6891 | Elf:3    | Noticed a deep elf blademaster
  6903 | Elf:3    | Killed a deep elf blademaster
  6906 | Elf:3    | Got an amber-encrusted plate armour
  6917 | Elf:3    | Noticed a deep elf demonologist
  6923 | Elf:3    | Killed a deep elf demonologist
  6949 | Elf:3    | Noticed a deep elf annihilator
  6986 | Elf:3    | Killed a deep elf annihilator
  7021 | Elf:3    | Noticed a deep elf demonologist
  7024 | Elf:3    | Noticed a deep elf demonologist
  7031 | Elf:3    | Noticed a cacodemon
  7035 | Elf:3    | Killed a deep elf demonologist
  7037 | Elf:3    | Killed a deep elf demonologist
  7045 | Elf:3    | Identified a scroll of acquirement
  7061 | Elf:3    | Got a translucent ring mail
  7066 | Elf:3    | Identified The Advanced Guide to Thaumaturgy
  7089 | Elf:3    | Learned a level 2 spell: Cure Poison
  7169 | Elf:3    | RIP
  7189 | Elf:3    | Identified the +4 ring mail "Baedou" {Dex+2} (You found it on level 3 of the Elven Halls)
  7199 | Elf:3    | Identified the cursed +0 plate armour "Esoom" {rC+ rN++ MR- Dex-3} (You took it off a deep elf blademaster on level 3 of the Elven Halls)
  7213 | Elf:3    | :(
  7213 | Elf:3    | no tele ring, no apport, no statue
  7213 | Elf:3    | lets suicide
  7311 | Elf:1    | Bought a scroll of magic mapping for 45 gold pieces
  7311 | Elf:1    | Bought a scroll of magic mapping for 45 gold pieces
  7311 | Elf:1    | Bought a scroll of fog for 26 gold pieces
  7311 | Elf:1    | Bought a scroll of holy word for 97 gold pieces
  7327 | Elf:1    | Noticed a deep elf annihilator
  7334 | Elf:1    | Killed a deep elf annihilator
  7334 | Elf:1    | Reached skill level 5 in Spellcasting
  7404 | Orc:4    | Bought 2 scrolls of magic mapping for 84 gold pieces
  7404 | Orc:4    | Bought a scroll of recharging for 114 gold pieces
  7404 | Orc:4    | Bought a scroll of identify for 24 gold pieces
  7404 | Orc:4    | Bought a scroll of identify for 24 gold pieces
  7413 | Orc:4    | Bought a scroll of teleportation for 96 gold pieces
  7413 | Orc:4    | Bought a potion of might for 128 gold pieces
  7526 | D:9      | Killed a komodo dragon
  7530 | Lair:1   | Entered Level 1 of the Lair of Beasts
  7563 | Lair:1   | Reached XP level 15. HP: 132/135 MP: 19/19
  7901 | Lair:5   | Noticed Josephine
  7919 | Lair:5   | Killed Josephine
  8128 | Lair:8   | Entered Level 8 of the Lair of Beasts
  8284 | Lair:8   | STATUE?>
  8526 | Lair:4   | Reached skill level 17 in Unarmed Combat
  8551 | Lair:4   | Found a hole to the Spider Nest.
  8571 | Spider:1 | Entered Level 1 of the Spider Nest
  8680 | Spider:3 | Reached skill level 1 in Evocations
  8691 | Spider:4 | Entered Level 4 of the Spider Nest
  8753 | Spider:4 | Noticed Norris
  8778 | Spider:4 | Killed Norris
  8889 | Spider:4 | Reached XP level 16. HP: 64/145 MP: 21/21
  9114 | Spider:4 | Got a gossamer rune of Zot
  9133 | Spider:4 | :(
  9180 | Spider:2 | Noticed Wiglaf
  9191 | Spider:2 | Killed Wiglaf
  9337 | Lair:5   | Found a staircase to the Shoals.
  9348 | Shoals:1 | Entered Level 1 of the Shoals
  9397 | Shoals:1 | Found a frozen archway.
  9428 | IceCv    | Entered an ice cave
  9705 | IceCv    | Reached skill level 5 in Evocations
  9811 | IceCv    | Reached skill level 18 in Unarmed Combat
  9843 | IceCv    | Identified Ceavorol's Catalogue of Black Rites
  9846 | IceCv    | Learned a level 1 spell: Animate Skeleton
 10195 | Shoals:4 | Entered Level 4 of the Shoals
 10198 | Shoals:4 | Found Pynix's Book Shoppe.
 10208 | Shoals:4 | Found Nexze's Magic Scroll Boutique.
 10212 | Shoals:4 | 1k
 10212 | Shoals:4 | pff
 10293 | Shoals:4 | Identified a +8 rod of inaccuracy (14/14) (You found it on level 4 of the Shoals)
 10368 | Shoals:4 | Reached XP level 17. HP: 67/154 MP: 17/22
 10507 | Shoals:4 | Got a barnacled rune of Zot
 10622 | Shoals:4 | Found Kegoemm's Book Boutique.
 10730 | Shoals:4 | Bought a scroll of magic mapping for 59 gold pieces
 10940 | Lair:6   | Reached skill level 15 in Shields
 10990 | Lair:6   | Found a viscous altar of Jiyva.
 10990 | Lair:6   | Found a staircase to the Slime Pits.
 11032 | Slime:1  | Entered Level 1 of the Pits of Slime
 11169 | Slime:3  | Gained mutation: You are somewhat resistant to further mutation. [a shining eye]
 11206 | Slime:5  | Gained mutation: You sometimes yell uncontrollably at your foes. [a shining eye]
 11231 | Slime:6  | Entered Level 6 of the Pits of Slime
 11245 | Slime:5  | Reached skill level 19 in Unarmed Combat
 11279 | Slime:6  | Noticed the royal jelly
 11503 | Slime:6  | Reached skill level 15 in Fighting
 11531 | Slime:6  | Found a viscous altar of Jiyva.
 11596 | Slime:6  | Killed the royal jelly
 11596 | Slime:6  | Reached XP level 18. HP: 146/163 MP: 23/23
 11686 | Slime:6  | Got a sparkling amber ring
 11701 | Slime:6  | Learned a level 2 spell: Stoneskin
 11708 | Slime:6  | Identified the ring "Utecocar" {rPois MR- Str+3 Slay+5 SInv} (You found it on level 6 of the Pits of Slime)
 11767 | Slime:6  | Got a warped bone ring
 11787 | Slime:6  | Got a slimy rune of Zot
 11795 | Slime:6  | Identified the ring of Vopo {rN+ Slay+6} (You found it on level 6 of the Pits of Slime)
 11828 | Slime:6  | Reached skill level 1 in Transmutations
 11828 | Slime:6  | Reached skill level 1 in Earth Magic
 11854 | Slime:3  | Gained mutation: You are occasionally teleported to nearby monsters. [a shining eye]
 12101 | Shoals:4 | Bought a book of the Earth for 1040 gold pieces
 12108 | Shoals:4 | Learned a level 6 spell: Statue Form
 12465 | D:12     | You paid a toll of 2 potions of cure mutation to enter a treasure trove
 12466 | Trove    | Entered a treasure trove
 12497 | D:12     | :)
 12497 | D:12     | Lost mutation: Your magical capacity is low (-10% MP). [potion of cure mutation]
 12497 | D:12     | Lost mutation: You sometimes yell uncontrollably at your foes. [potion of cure mutation]
 12497 | D:12     | Lost mutation: You can spit weak poison. [potion of cure mutation]
 12497 | D:12     | Lost mutation: You are somewhat resistant to further mutation. [potion of cure mutation]
 12498 | D:12     | FUCK
 12591 | D:14     | Killed a vault guard
 12594 | D:14     | Found a gate to the Vaults.
 12603 | Vaults:1 | Entered Level 1 of the Vaults
 12785 | Vaults:2 | Reached skill level 5 in Earth Magic
 12786 | Vaults:2 | Reached skill level 5 in Transmutations
 13122 | Vaults:4 | Reached XP level 19. HP: 157/170 MP: 27/27
 13242 | Vaults:4 | Got a transparent jade ring
 13243 | Vaults:4 | Identified the ring "Dyloph" {rF- MR- AC+2 Dex+10} (You found it on level 4 of the Vaults)
 13591 | Vaults:5 | Entered Level 5 of the Vaults
 13842 | Vaults:4 | Reached skill level 10 in Transmutations
 13842 | Vaults:4 | Reached XP level 20. HP: 68/178 MP: 29/29
 13903 | Vaults:4 | Reached skill level 10 in Earth Magic
 14221 | Vaults:5 | Reached skill level 5 in Translocations
 14239 | Vaults:5 | Gained mutation: You are partially covered in thin metallic scales (AC +2). [potion of beneficial mutation]
 14426 | Vaults:5 | Got a silver rune of Zot
 14470 | Vaults:5 | Found Retsojof's Antique Armour Boutique.
 14472 | Vaults:5 | Noticed a golden dragon
 14478 | Vaults:5 | Killed a golden dragon
 14478 | Vaults:5 | Reached skill level 20 in Unarmed Combat
 14584 | Vaults:4 | Reached skill level 15 in Dodging
 14669 | Vaults:3 | FUCK
 14715 | Vaults:3 | Reached XP level 21. HP: 187/187 MP: 32/32
 14761 | Vaults:2 | no apport, no tele, no golubria
 14761 | Vaults:2 | +5k
 14772 | Vaults:2 | Found a staircase to the Crypt.
 14772 | Vaults:2 | Found an ancient bone altar of Kikubaaqudgha.
 14773 | Vaults:2 | Found a basalt altar of Yredelemnul.
 14779 | Crypt:1  | Entered Level 1 of the Crypt
 14956 | Crypt:3  | Entered Level 3 of the Crypt
 14999 | Crypt:3  | Learned a level 2 spell: Repel Missiles
 15054 | Crypt:3  | Found a staircase to the Tomb.
 15070 | Tomb:1   | Entered Level 1 of the Tomb of the Ancients
 15088 | Tomb:1   | Noticed a greater mummy
 15089 | Tomb:1   | Killed a greater mummy
 15090 | Tomb:1   | Reached skill level 21 in Unarmed Combat
 15093 | Tomb:1   | Noticed a greater mummy
 15101 | Tomb:1   | Noticed an ancient lich
 15103 | Tomb:1   | Killed an ancient lich
 15112 | Tomb:1   | Killed a greater mummy
 15232 | Tomb:3   | Entered Level 3 of the Tomb of the Ancients
 15257 | Tomb:3   | Noticed a greater mummy
 15262 | Tomb:3   | Noticed a greater mummy
 15263 | Tomb:3   | Noticed a greater mummy
 15266 | Tomb:2   | Killed a greater mummy
 15276 | Tomb:3   | Noticed a greater mummy
 15325 | Tomb:3   | Noticed a greater mummy
 15328 | Tomb:2   | Killed a greater mummy
 15384 | Tomb:2   | Killed a greater mummy
 15387 | Tomb:2   | Killed a greater mummy
 15387 | Tomb:2   | Reached XP level 22. HP: 139/198 MP: 33/33
 15435 | Tomb:3   | Noticed an ancient lich
 15446 | Tomb:2   | Killed a greater mummy
 15499 | Tomb:3   | Killed an ancient lich
 15583 | Tomb:3   | Noticed a greater mummy
 15583 | Tomb:3   | Noticed Khufu
 15588 | Tomb:3   | Killed Khufu
 15588 | Tomb:3   | Reached skill level 22 in Unarmed Combat
 15591 | Tomb:3   | Killed a greater mummy
 15591 | Tomb:3   | Reached skill level 10 in Evocations
 15598 | Tomb:3   | Noticed a greater mummy
 15659 | Tomb:3   | Noticed a greater mummy
 15671 | Tomb:3   | Got a golden rune of Zot
 15731 | Tomb:3   | Identified Qocad's Catalogue of Stones (You found it on level 3 of the Tomb of the Ancients)
 15750 | Tomb:3   | Got a faintly glowing amethyst amulet
 15751 | Tomb:3   | Identified the amulet of Witure Boij {Ward rC+ rN+ Stlth+} (You found it on level 3 of the Tomb of the Ancients)
 15761 | Tomb:3   | Killed a greater mummy
 15764 | Tomb:3   | Killed a greater mummy
 16048 | D:11     | Noticed a four-headed hydra
 16079 | D:10     | Killed a four-headed hydra
 16162 | Orc:2    | Bought a book of Party Tricks for 700 gold pieces
 16164 | Orc:2    | Learned a level 1 spell: Apportation
 16297 | D:13     | You fall through a shaft for 2 floors!
 16376 | D:15     | Noticed a seven-headed hydra
 16376 | D:15     | Noticed an eight-headed hydra
 16453 | D:15     | FUCK
 16468 | D:15     | Noticed a great orb of eyes
 16468 | D:15     | Noticed a dire elephant
 16470 | D:15     | Killed a great orb of eyes
 16471 | D:15     | Killed a dire elephant
 16473 | D:15     | Found a staircase to the Depths.
 16484 | D:15     | Noticed Louise
 16489 | D:15     | Killed Louise
 16494 | Depths:1 | Entered Level 1 of the Depths
 16548 | Depths:2 | Noticed a juggernaut
 16552 | Depths:2 | Killed a juggernaut
 16552 | Depths:2 | Reached XP level 23. HP: 209/209 MP: 29/34
 16614 | Depths:3 | Found a corrupted altar of Lugonu.
 16626 | Depths:3 | Found a gateway to Hell.
 16657 | Depths:3 | Found a one-way gate leading to the halls of Pandemonium.
 16676 | Pan      | Entered Pandemonium
 16713 | Pan      | Noticed an ancient lich
 16721 | Pan      | Noticed an ancient lich
 16723 | Pan      | Noticed an ancient lich
 16723 | Pan      | Noticed an ancient lich
 16727 | Pan      | Killed an ancient lich
 16730 | Pan      | Killed an ancient lich
 16732 | Pan      | Killed an ancient lich
 16736 | Pan      | Killed an ancient lich
 16740 | Pan      | Found a gateway to a ziggurat.
 16749 | Zig:1    | Entered Level 1 of a ziggurat
 16768 | Zig:2    | Entered Level 2 of a ziggurat
 16788 | Zig:3    | Entered Level 3 of a ziggurat
 16813 | Zig:4    | Entered Level 4 of a ziggurat
 16815 | Zig:4    | Noticed an ancient lich
 16819 | Zig:4    | Killed an ancient lich
 16832 | Zig:4    | Identified the Disquisition on Lightness (You found it on level 4 of a ziggurat)
 16837 | Zig:5    | Entered Level 5 of a ziggurat
 16869 | Zig:6    | Entered Level 6 of a ziggurat
 16932 | Zig:6    | Identified the Compendium of Snow (You found it on level 6 of a ziggurat)
 16935 | Zig:6    | Got a dazzling cloak
 16936 | Zig:6    | Identified the +0 cloak of the Accordion {rC+ Int+2} (You found it on level 6 of a ziggurat)
 16976 | Zig:7    | Entered Level 7 of a ziggurat
 17041 | Zig:8    | Entered Level 8 of a ziggurat
 17101 | Zig:9    | Entered Level 9 of a ziggurat
 17129 | Zig:9    | Got a crude turquoise ring
 17130 | Zig:9    | Identified the ring of Zumaonle {+Inv rC+ MR+ Int+3} (You found it on level 9 of a ziggurat)
 17139 | Zig:10   | Entered Level 10 of a ziggurat
 17148 | Zig:10   | Noticed an ancient lich
 17173 | Zig:10   | Killed an ancient lich
 17173 | Zig:10   | Reached XP level 24. HP: 136/222 MP: 26/34
 17195 | Zig:10   | Lost mutation: You are weak. (Str -2) [potion of cure mutation]
 17195 | Zig:10   | Lost mutation: You are partially covered in thin metallic scales (AC +2). [potion of cure mutation]
 17195 | Zig:10   | Lost mutation: You have large cloven feet. [potion of cure mutation]
 17195 | Zig:10   | Lost mutation: Your natural rate of healing is unusually fast. [potion of cure mutation]
 17196 | Zig:10   | :D
 17229 | Zig:11   | Entered Level 11 of a ziggurat
 17258 | Zig:11   | Gained mutation: You are frail (-10% HP). [a shining eye]
 17292 | Zig:11   | Got a pitted diamond amulet
 17294 | Zig:11   | Identified the amulet of Rairph {Stasis Int+2} (You found it on level 11 of a ziggurat)
 17297 | Zig:11   | Reached XP level 25. HP: 158/207 MP: 12/34
 17307 | Zig:12   | Entered Level 12 of a ziggurat
 17377 | Zig:13   | Entered Level 13 of a ziggurat
 17419 | Zig:13   | Got a bound glass ring
 17420 | Zig:13   | Identified the ring "Neuxamm" {AC+4 Str-5 Int+6} (You found it on level 13 of a ziggurat)
 17459 | Zig:13   | instead of sub20 it will be bad sub30 :(
 17480 | Zig:14   | Entered Level 14 of a ziggurat
 17481 | Zig:14   | lets die here
 17501 | Zig:14   | lets corrode to death
 17529 | Zig:14   | Identified the Guide on the Voyage (You found it on level 14 of a ziggurat)
 17541 | Zig:14   | Identified the Tome of Darkness (You found it on level 14 of a ziggurat)
 17546 | Zig:14   | Learned a level 3 spell: Regeneration
 17558 | Zig:15   | Entered Level 15 of a ziggurat
 17576 | Zig:15   | Reached skill level 1 in Charms
 17576 | Zig:15   | Reached skill level 1 in Necromancy
 17620 | Zig:15   | HP: 11/271 [mummy priest/divine providence (11)]
 17622 | Zig:15   | Killed by a mummy priest's death curse

Action                   |  1- 3 |  4- 6 |  7- 9 | 10-12 | 13-15 | 16-18 | 19-21 | 22-24 | 25-27 || total
-------------------------+-------+-------+-------+-------+-------+-------+-------+-------+-------++-------
Melee: Unarmed           |    24 |    75 |   250 |   434 |   660 |  1173 |   603 |   417 |   101 ||  3737
       Falchion          |       |       |       |     4 |       |       |       |       |       ||     4
Throw: Javelin           |       |       |     5 |     5 |       |       |       |       |       ||    10
       Tomahawk          |       |       |       |     1 |       |       |       |       |       ||     1
 Cast: Statue Form       |       |       |       |       |       |       |    37 |    31 |     6 ||    74
       Stoneskin         |       |       |       |       |       |       |     4 |       |       ||     4
       Apportation       |       |       |       |       |       |       |       |    14 |       ||    14
       Regeneration      |       |       |       |       |       |       |       |       |     2 ||     2
Invok: Slouch            |       |       |     2 |     1 |    16 |    15 |     2 |     7 |     8 ||    51
       Temporal Distorti |       |       |       |       |     3 |     7 |     6 |     6 |     1 ||    23
       Step From Time    |       |       |       |       |       |     1 |       |       |       ||     1
 Abil: Spit Poison       |       |       |     1 |       |       |       |       |       |       ||     1
       Stop Flying       |       |       |       |       |     1 |       |       |       |       ||     1
       End Transformatio |       |       |       |       |       |       |     7 |     6 |     1 ||    14
       Evoke Teleportati |       |       |       |       |       |       |     3 |    48 |       ||    51
Evoke: Wand              |     2 |     2 |     3 |       |    11 |    10 |       |    10 |       ||    38
       Box of beasts     |       |       |       |       |       |     1 |       |       |       ||     1
       Deck              |       |       |       |       |       |     2 |     2 |       |       ||     4
       Lamp of fire      |       |       |       |       |       |       |       |       |     1 ||     1
  Use: Scroll            |     4 |     3 |     5 |    17 |    14 |    19 |    10 |     8 |     3 ||    83
       Potion            |       |     3 |     1 |     1 |     9 |    11 |     2 |     2 |     4 ||    33
 Stab: Sleeping          |     1 |       |     3 |     7 |    11 |     4 |     2 |       |       ||    28
       Distracted        |       |       |     2 |       |     1 |       |     2 |     1 |       ||     6
       Invisible         |       |       |       |       |     1 |       |       |       |       ||     1
       Petrifying        |       |       |       |       |       |       |       |       |     4 ||     4
       Petrified         |       |       |       |       |       |       |       |       |     3 ||     3
  Eat: Beef jerky        |       |       |     1 |       |     2 |     2 |       |       |       ||     5
       Chunk             |       |       |     1 |    15 |     4 |       |     6 |     1 |       ||    27
       Fruit             |       |       |       |     1 |    10 |    10 |    15 |     3 |       ||    39
       Royal jelly       |       |       |       |       |       |     2 |       |     2 |     1 ||     5
       Pizza             |       |       |       |       |       |       |     3 |     6 |       ||     9
       Bread ration      |       |       |       |       |       |       |       |     4 |       ||     4
